[Event "new tournament description"]
[Site ""]
[Date "2018.12.27"]
[Round "1.1"]
[White "GOZZOLI"]
[Black "GRIT"]
[Result "1-0"]
[TimeControl "4min+2sec"]
[WhiteElo "2565"]
[BlackElo "1760"]

1. d4 c5 2. d5 d6 3. e4 Nf6 4. Nc3 g6 5. Nf3 Bg7 6. Bb5+ Nbd7 7. a4 O-O 8. O-O Qc7 9. h3 e5 10. dxe6 fxe6 11. Bf4 Nxe4 12. Nxe4 Rxf4 13.
Qxd6 Qxd6 14. Nxd6 Bxb2 15. Rab1 Bd4 16. Nxc8 Rxc8 17. Bxd7 Rc7 18. Bxe6+ Kg7 19. Bd5 b6 20. Ng5 1-0

[Event "new tournament description"]
[Site ""]
[Date "2018.12.27"]
[Round "1.2"]
[White "ABBASSI"]
[Black "GULIYEV"]
[Result "0-1"]
[TimeControl "4min+2sec"]
[WhiteElo "1743"]
[BlackElo "2550"]

1. d4 d5 2. Bf4 Nf6 3. e3 c5 4.
c3 Qb6 5. Qb3 c4 6. Qc2 Nc6 7. Nd2 g6 8. e4 e6 9. e5 Nh5 10. Bg5 h6 11. Bh4 g5 12. Be2 Nf4 13. Bg3 Nxg2+ 14. Kf1 Nh4 15. Bxh4 gxh4 16. Ngf3 Qd8 17. Rg1 Bd7 18. b3 b5 19. bxc4 bxc4 20. Rb1 Be7 21. Ke1 Rb8 22. Nf1 Rxb1+ 23. Qxb1 Qa5 24. Qb2 Ba3 25.
Qc2 Ke7 26. Ne3 Rb8 27. Nd1 Nd8 28. Nd2 Ba4 29. Qh7 Bxd1 30. Bxd1 Qxc3 31. Qxh6 Qxd4 32. Rg4 Qxe5+ 33. Kf1 Bc1 34.
Qxh4+ Qf6 35. Qxf6+ Kxf6 36. Nf3 Rb1 37. Kg2 Rb2 38. h4 Be3 39. h5 Rxf2+ 40. Kg3 Rxa2 41. Nh4 e5 0-1

[ePGN "0.1;DGT LiveChess/2.2.3"]

[Event "new tournament description"]
[Site ""]
[Date "2018.12.27"]
[Round "2.1"]
[White "ENGELMANN"]
[Black "GOZZOLI"]
[Result "0-1"]
[TimeControl "4min+2sec"]
[WhiteElo "1987"]
[BlackElo "2565"]

1. e4 Nf6 2. e5 Nd5 3.
d4 d6 4. c4 Nb6 5. f4 g6 6. Nf3 dxe5 7. fxe5 c5 8. d5 Bg7 9. Nc3 Bg4 10.
Bf4 O-O 11. Be2 Bxf3 12. gxf3 N8d7 13. e6 fxe6 14. Bg5 exd5 15. Nxd5 Nf6 16. Bxf6 exf6 17. O-O f5 18. Rb1 Bd4+ 19.
Kh1 Nxd5 20. cxd5 Qxd5 21. Qa4 Kg7 22. Rfd1 Rfe8 23. Qc2 Re3 24. Rd3 Rae8 25. Rxe3 Rxe3 26. Rd1 Qxa2 27. Rxd4 cxd4 28. Qc7+ Qf7 29. Qc4 Qxc4 0-1

[Event "new tournament description"]
[Site ""]
[Date "2018.12.27"]
[Round "2.2"]
[White "GULIYEV"]
[Black "ELLIS"]
[Result "1-0"]
[TimeControl "4min+2sec"]
[WhiteElo "2550"]
[BlackElo "1977"]

1. e4 e5 2. Nf3 Nc6 3. Bb5 a6 4. Ba4 Nf6 5. O-O Be7 6. Re1 b5 7.
Bb3 d6 8. c3 O-O 9. d4 Bg4 10. d5 Nb8 11. h3 Bh5 12.
a4 Nbd7 13. Nbd2 Nc5 14. Bc2 c6 15. b4 Nxa4 16. Bxa4 bxa4 17. dxc6 Qc7 18. Qxa4 Rfc8 19. b5 axb5 20. Qxa8 Rxa8 21. Rxa8+ Bf8 22. Ra6 Qc8 23. Rb6 Qc7 24. Rxb5 Qxc6 25. c4 Bg6 26. Ba3 Bxe4 27. Nxe4 Nxe4 28. Rb8 Nc5 29. Bxc5 Qxc5 30.
Ra1 e4 31. Raa8 g6 32. Rxf8+ Kg7 33. Rfc8 Qb4 34. Nh2 Qe1+ 35. Nf1 h5 36. Rc7 1-0

[ePGN "0.1;DGT LiveChess/2.2.3"]

[Event "new tournament description"]
[Site ""]
[Date "2018.12.27"]
[Round "3.1"]
[White "GOZZOLI"]
[Black "GROEHN"]
[Result "1-0"]
[TimeControl "4min+2sec"]
[WhiteElo "2565"]
[BlackElo "2113"]

1. d4 f5 2. Nf3 Nf6 3. Bg5 Ne4 4. Bf4 d5 5. Nbd2 e6 6. e3 c5 7. c3 Nc6 8.
Ne5 Nf6 9. Bd3 Be7 10. h3 Qb6 11. Qc2 Nxe5 12. Bxe5 Bd7 13. g4 fxg4 14. hxg4 Nxg4 15. Bg6+ Kd8 16. Bxg7 Rg8 17. Rxh7 Kc7 18.
Bf7 Rgd8 19. Nf3 Bd6 20. Rh4 e5 21. Nxe5 Nxe5 22. dxe5 Be7 23. Rh6 Qb5 24. Bxd5 Bc6 25. Bxc6 bxc6 26. Rh7 Kb6 27. a4 Qc4 28. a5+ Ka6 29. Qe2 Qxe2+ 30. Kxe2 c4 31. Bh6 Bc5 32.
Bg5 Rd5 33. Bf6 Re8 34. Rh4 Kb5 35.
b3 cxb3 36. c4+ 1-0

[Event "new tournament description"]
[Site ""]
[Date "2018.12.27"]
[Round "3.2"]
[White "CANTIN"]
[Black "GULIYEV"]
[Result "0-1"]
[TimeControl "4min+2sec"]
[WhiteElo "2108"]
[BlackElo "2550"]

1. e4 c5 2. Nf3 d6 3. d4 cxd4 4. Nxd4 Nf6 5. Nc3 a6 6. f3 e6 7. Be3 b5 8.
g4 h6 9.
Qd2 Nbd7 10. h4 b4 11. Nd1 d5 12. Nf2 dxe4 13. g5 hxg5 14. hxg5 Rxh1 15. Nxh1 Nd5 16. g6 Nxe3 17. Qxe3 Qh4+ 18.
Nf2 Bc5 19. gxf7+ Kxf7 20. O-O-O Nf6 21.
Nxe4 Nxe4 22. fxe4 Qh6 23. Qxh6 gxh6 24. Be2 Bb7 25. Bg4 Bxd4 26. Rxd4 Rg8 27. Bh5+ Kf6 28. b3 a5 29. Kb2 Rg5 30.
Be8 Re5 31. Rd7 Bxe4 32. Rf7+ Kg5 33. Rf8 Rc5 34. Rg8+ Kf4 35. Rf8+ Bf5 36. c4 bxc3+ 37. Kc1 Re5 38. Kd1 c2+ 0-1

[ePGN "0.1;DGT LiveChess/2.2.3"]

[Event "new tournament description"]
[Site ""]
[Date "2018.12.27"]
[Round "4.1"]
[White "VATTER"]
[Black "GOZZOLI"]
[Result "0-1"]
[TimeControl "4min+2sec"]
[WhiteElo "2265"]
[BlackElo "2565"]

1. e4 e5 2. Nf3 Nc6 3. Bc4 Nf6 4.
d4 exd4 5. O-O Nxe4 6. Re1 d5 7. Bxd5 Qxd5 8. Nc3 Qh5 9. Nxe4 Be6 10. Bg5 Bd6 11. Nxd6+ cxd6 12. Bf4 Qd5 13. c3 h6 14. Nxd4 Nxd4 15.
Qxd4 Qxd4 16. cxd4 Kd7 17. a3 Bd5 18. Rac1 Rac8 19. f3 g5 20. Bd2 Rc6 21. Rxc6 bxc6 22. Kf2 Rg8 23. h4 f6 24.
hxg5 fxg5 25. Rh1 Rg6 26.
Re1 Rf6 27. Kg3 Be6 28. Rh1 Rg6 29. Kf2 Bd5 30. Rh2 Ke6 31. Rh1 Kf7 32. Re1 h5 33. g3 Rg8 34. Bb4 Rg6 35. Bd2 Rf6 36.
f4 g4 37. Rc1 Rg6 38. Rc3 Rg8 39. Re3 Rb8 40. Bb4 Rd8 41. Ba5 Rd7 42. Bb4 Bc4 43. Rc3 Bd5 44. Re3 a6 45. Rc3 Kg6 46. Re3 Kf7 47. Rc3 Rb7 48.
Re3 a5 49. Bxd6 Rxb2+ 50. Re2 Rb3 51. Re3 Rb2+ 52. Re2 Rb7 53. Re5 a4 54. Bb4 Rxb4 55.
axb4 a3 56. Re1 a2 57. Rc1 0-1

[Event "new tournament description"]
[Site ""]
[Date "2018.12.27"]
[Round "4.2"]
[White "GULIYEV"]
[Black "BRIET"]
[Result "1-0"]
[TimeControl "4min+2sec"]
[WhiteElo "2550"]
[BlackElo "2242"]

1. e4 c5 2. Nf3 e6 3. d4 cxd4 4. Nxd4 a6 5. Bd3 Bc5 6. Nb3 Be7 7.
f4 d6 8.
Qf3 Nd7 9. Be3 Ngf6 10. N1d2 Qc7 11. g4 Nc5 12. Nxc5 dxc5 13. g5 Nd7 14. a4 b6 15. e5 Rb8 1-0

[ePGN "0.1;DGT LiveChess/2.2.3"]

[Event "new tournament description"]
[Site ""]
[Date "2018.12.27"]
[Round "5.1"]
[White "GOZZOLI"]
[Black "BELLAHCENE"]
[Result "1-0"]
[TimeControl "4min+2sec"]
[WhiteElo "2565"]
[BlackElo "2448"]

1. d4 Nf6 2. Nf3 e6 3. Bg5 d5 4. e3 Nbd7 5. Nbd2 c5 6. c3 Be7 7. Bd3 h6 8. Bf4 b6 9. h3 Bb7 10.
O-O O-O 11. Qc2 Qc8 12. Rfe1 Ba6 13. Rad1 Rd8 14. a3 Bxd3 15. Qxd3 Qc6 16. Rc1 Ne4 17. Qe2 Nxd2 18. Nxd2 Nf6 19.
Be5 Nd7 20. Bh2 Bd6 21. Bxd6 Qxd6 22. Red1 Rac8 23. b4 e5 24. dxc5 bxc5 25. e4 cxb4 26.
cxb4 Rxc1 27. Rxc1 Nf6 28. exd5 Qxd5 29. Nc4 Rc8 30.
Rc2 e4 31. Ne3 Rxc2 32. Qxc2 Qd7 33. a4 Qd4 34. b5 Nd5 35. Qc8+ 1-0

[Event "new tournament description"]
[Site ""]
[Date "2018.12.27"]
[Round "5.2"]
[White "BRAEUNING"]
[Black "GULIYEV"]
[Result "0-1"]
[TimeControl "4min+2sec"]
[WhiteElo "2324"]
[BlackElo "2550"]

1. e4 c5 2. c3 d5 3. exd5 Qxd5 4. d4 Nf6 5.
Nf3 Bg4 6. Nbd2 e6 7. Qa4+ Nbd7 8. Bc4 Qd6 9. Bb5 Bxf3 10.
Nxf3 a6 11. dxc5 Qxc5 12. Bxd7+ Nxd7 13. O-O Be7 14. Rd1 Qc6 15. Qd4 Bf6 16. Qb4 a5 17. Qb3 Nc5 18. Qc4 O-O 19. Nd4 Qb6 20.
Be3 Rfc8 21. Nb3 Be7 22. Nxc5 Bxc5 23. Bxc5 Rxc5 24. Qd4 g6 25. b3 e5 26. Qd3 a4 27. c4 Qb4 28. h4 h5 29.
g3 Rac8 30. Rac1 b5 31. Qf3 bxc4 32.
Rd7 Rf8 33. bxc4 Rxc4 34. Re1 Qxe1+ 0-1

[ePGN "0.1;DGT LiveChess/2.2.3"]

[Event "new tournament description"]
[Site ""]
[Date "2018.12.27"]
[Round "6.1"]
[White "GULIYEV"]
[Black "GOZZOLI"]
[Result "0-1"]
[TimeControl "4min+2sec"]
[WhiteElo "2550"]
[BlackElo "2565"]

1. e4 e5 2. Nf3 Nc6 3. Bb5 a6 4. Ba4 Nf6 5. O-O Be7 6. Re1 b5 7. Bb3 O-O 8. d4 d6 9. c3 Bg4 10. h3 Bxf3 11. gxf3 Na5 12.
f4 Nxb3 13. axb3 Nd7 14. fxe5 dxe5 15. Nd2 exd4 16. cxd4 c5 17. Nf3 cxd4 18. Nxd4 Nc5 19. Bf4 Re8 20. b4 Na4 21. Nc6 Qc8 22. Rc1 Qxh3 23. b3 Nb2 24.
Qd5 Bh4 25. Re3 Qg4+ 26. Bg3 Bg5 27.
Ne5 Qe6 28. f4 Bf6 29. Rc2 Qh3 30. Rxb2 Rad8 31. Qxf7+ Kh8 32. Rbe2 Bxe5 33. fxe5 Rf8 34. Bf4 Qg4+ 35. Rg3 Qxg3+ 36. Bxg3 Rxf7 37. e6 Rf6 38. e7 Re8 39.
Bh4 Rh6 40. Rf2 Kg8 41. Rd2 Rxh4 0-1

[Event "new tournament description"]
[Site ""]
[Date "2018.12.27"]
[Round "6.2"]
[White "BELLAHCENE"]
[Black "LERCH"]
[Result "1/2-1/2"]
[TimeControl "4min+2sec"]
[WhiteElo "2448"]
[BlackElo "2420"]

1. d4 Nf6 2. c4 e6 3. Nf3 b6 4. g3 Ba6 5. Qa4 c6 6.
Nc3 Be7 7. e4 O-O 8. e5 Ne8 9. Qc2 d5 10. exd6 Nxd6 11. b3 Nf5 12. Bb2 c5 13. dxc5 bxc5 14. Bd3 Bb7 15. Be4 Nc6 16.
Qc1 Qc8 17. O-O Ncd4 18. Nxd4 Nxd4 19.
Re1 Bf6 20. Qe3 Rd8 21. Rad1 Bc6 22. Kf1 g6 23. Rd2 Qb7 24. Red1 Rd7 25. Bxc6 Qxc6 26. Qe4 Rc8 27. Qxc6 Rxc6 28. Ne4 e5 29. Nc3 Bg7 30. Nd5 Ra6 31. Bxd4 exd4 32. Re2 Re6 33. Nf4 Rxe2 34. Kxe2 Kf8 35. Nd3 Rc7 36. Kf3 Bf6 37. Re1 Be7 38. Re5 Rc6 39. Kg2 Bd6 40. Rd5 Ke7 41. a3 Ra6 42. b4 Rxa3 43. Nxc5 Bxc5 44. Rxc5 d3 45. Kf3 d2+ 46. Ke2 Ra2 47. Rc7+ Ke6 48. c5 a6 49.
h4 h5 50. f4 f6 51. Rc6+ Kf5 52.
Rd6 d1=Q+ 53. Kxd1 Ra4 54. Rd4 a5 55. c6 axb4 56. Kc2 b3+ 57. Kxb3 Rxd4 58. c7 Rd3+ 59. Kc2 Rxg3 60. c8=Q+ Kxf4 61. Kd2 f5 62. Ke2 Kg4 63. Qd8 Kh3 64. Kf2 Rg4 65. Qf6 Rg2+ 66.
Kf3 Rg3+ 67. Kf4 Rg4+ 68. Ke5 Rg2 69. Qc6 Rg4 70.
Qh1+ Kg3 71. Kf6 Kf2 72. Qh2+ Kf3 73. Ke5 Ke3 74. Qh3+ Kf2 75. Qh2+ Kf3 76. Kf6 Ke3 77. Qh3+ Kf2 78. Qh2+ Kf3 1/2-1/2

[ePGN "0.1;DGT LiveChess/2.2.3"]

[Event "new tournament description"]
[Site ""]
[Date "2018.12.27"]
[Round "7.1"]
[White "GOZZOLI"]
[Black "SCHMITT"]
[Result "1-0"]
[TimeControl "4min+2sec"]
[WhiteElo "2565"]
[BlackElo "2241"]

1. d4 Nf6 2. Nf3 b6 3.
Bg5 Bb7 4. Nbd2 e6 5. e3 Be7 6. Bd3 d6 7. a4 a6 8. O-O O-O 9. Re1 Nbd7 10. c3 Re8 11. h3 e5 12. e4 Nh5 13.
Be3 g6 14. Nh2 Bf8 15. Ng4 Bg7 16. Nf3 Nf4 17. Bxf4 exf4 18. Ngh2 Nf6 19. Nd2 Qd7 20. Nhf3 h6 21. Qb3 g5 22.
e5 dxe5 23. Nxe5 Qd5 24. Qxd5 Bxd5 25.
Ndf3 a5 26. Bb5 Re6 27. Nd2 Ne8 28. Bd7 Re7 29. Bf5 Rd8 30. Nd3 Rxe1+ 31. Rxe1 Kf8 32. Be4 Rd7 1-0

[Event "new tournament description"]
[Site ""]
[Date "2018.12.27"]
[Round "7.2"]
[White "VATTER"]
[Black "GULIYEV"]
[Result "0-1"]
[TimeControl "4min+2sec"]
[WhiteElo "2265"]
[BlackElo "2550"]

1. e4 c5 2. Nf3 d6 3. d4 cxd4 4. Qxd4 a6 5. Bg5 Nc6 6. Qd2 h6 7. Bh4 g5 8. Bg3 Bg7 9. c3 Nf6 10. Bd3 Nh5 11. Na3 O-O 12. Nc2 b5 13. h4 Nxg3 14. fxg3 g4 15. Nfd4 Ne5 16.
O-O e6 17. a4 bxa4 18. Rxa4 Bb7 19. Rfa1 d5 20. exd5 Nxd3 21. Qxd3 Qxd5 22. Ne3 Qd7 23. Qe2 f5 24. Qc4 Rae8 25.
Ndxf5 Rxf5 26. Nxf5 Bd5 27. Qd3 exf5 28. Rxa6 Be6 29. Rd6 Qf7 30. Re1 Bf8 31. Rd8 Bc4 32. Qxc4 Rxe1+ 33. Qd3 Re8 0-1

[ePGN "0.1;DGT LiveChess/2.2.3"]

[Event "new tournament description"]
[Site ""]
[Date "2018.12.27"]
[Round "8.1"]
[White "LERCH"]
[Black "GOZZOLI"]
[Result "0-1"]
[TimeControl "4min+2sec"]
[WhiteElo "2420"]
[BlackElo "2565"]

1. e4 e5 2. Bc4 Nf6 3. d3 Nc6 4. Nf3 Bc5 5. O-O O-O 6. Re1 h6 7. c3 d6 8. a4 a6 9. b4 Ba7 10.
Ra2 Be6 11. Na3 Re8 12. Bxe6 Rxe6 13. Qb3 Qd7 14. Nc4 Ne7 15. b5 c6 16. bxa6 bxa6 17. a5 Rb8 18. Nb6 Qc7 19. Be3 c5 20. Qc4 Bxb6 21. axb6 Rxb6 22. Rxa6 Ng6 23. Rxb6 Qxb6 24. h3 Re7 25. Ra1 Ra7 26. Rxa7 Qxa7 27. Kh2 Qb7 28. Qa2 Nf8 29. Nd2 N8d7 30. Nc4 d5 31. Nd6 Qb8 32.
Qa6 d4 33. cxd4 cxd4 34. Bd2 Qb2 35.
Nc4 Qc2 36. Qa3 Qd1 37. Qd6 Qe2 38. Qa3 Qxf2 39. Bb4 Qh4 40. Qc1 Ng4+ 41. Kg1 Qf2+ 42. Kh1 Ngf6 43. Qd2 Qxd2 44.
Nxd2 Ne8 45. Nf3 f6 46. Nd2 Kf7 47. Kg1 Nc7 48. Kf2 Na6 49. Ba3 Ndc5 50. Ke2 Na4 51. Nc4 Nc3+ 52. Ke1 Nc7 53. Bc5 Ne6 54. Bb4 Nf4 55. Kd2 Nb5 56. g4 Nxh3 0-1

[Event "new tournament description"]
[Site ""]
[Date "2018.12.27"]
[Round "8.2"]
[White "BELLAHCENE"]
[Black "GULIYEV"]
[Result "1-0"]
[TimeControl "4min+2sec"]
[WhiteElo "2448"]
[BlackElo "2550"]

1. e4 e5 2. Nf3 Nf6 3. Nxe5 d6 4. Nf3 Nxe4 5. d3 Nf6 6. d4 Be7 7. Bd3 O-O 8. O-O b6 9. c4 Bb7 10. Nc3 Nbd7 11. Re1 Re8 12. h3 Bf8 13. Rxe8 Qxe8 14. Bf4 a6 15.
a4 g6 16. a5 Bg7 17. Bh2 Qd8 18. d5 bxa5 19. Rxa5 Rb8 20. Ra2 Nc5 21. Bc2 Nfd7 22. Bf4 Bc8 23. Bg5 Bf6 24. Be3 Ne5 25. Qe2 Nxf3+ 26. Qxf3 Rb4 27.
Bxc5 dxc5 28. b3 Bd4 29. Ne2 Bg7 30. Qe3 Bf8 31. Nf4 Rb8 32. Nd3 Qd6 33. Ne5 Bb7 34.
Qf4 f6 35. Nd3 Re8 36. Qxd6 Bxd6 37.
Bd1 Bc8 38. g4 f5 39. Kg2 Kg7 40. Ra5 Kf6 41. Nxc5 Re1 42. Bf3 Rb1 43. Nxa6 Rxb3 44.
c5 Be5 45. Ra4 Rc3 46. Ra5 Ke7 47. Nb4 1-0

[ePGN "0.1;DGT LiveChess/2.2.3"]

[Event "new tournament description"]
[Site ""]
[Date "2018.12.27"]
[Round "9.1"]
[White "GOZZOLI"]
[Black "BRAEUNING"]
[Result "1-0"]
[TimeControl "4min+2sec"]
[WhiteElo "2565"]
[BlackElo "2324"]

1. d4 Nf6 2. Nf3 e6 3. c4 Bb4+ 4. Bd2 Qe7 5. g3 Nc6 6.
Nc3 d6 7. Bg2 O-O 8. O-O a5 9.
Rc1 Bxc3 10. Bxc3 e5 11.
d5 Nb8 12. c5 Nbd7 13. cxd6 cxd6 14. Nd2 Nc5 15. Nc4 Qd8 16. Nxa5 Rxa5 17. b4 Rb5 18. bxc5 Rxc5 19. Bb4 Rxc1 20. Qxc1 Bg4 21. Qa3 Bxe2 22. Re1 Bc4 23. Bxd6 Re8 24. Rxe5 Rxe5 25. Bxe5 Nxd5 26. Qb2 f6 27. Bd4 b5 28.
h4 Qd7 29. a3 Kf7 30. Qc2 g6 31. Bb2 Qf5 32. Qd2 Qb1+ 33. Kh2 Qf5 34. Qd4 Qe6 35. a4 Qc6 36. a5 Qe6 37. Qa7+ Kg8 38.
a6 Nb4 39. Qb8+ Kf7 40. a7 Bd5 41.
Bxd5 Nxd5 42. a8=Q 1-0

[Event "new tournament description"]
[Site ""]
[Date "2018.12.27"]
[Round "9.2"]
[White "VATTER"]
[Black "BELLAHCENE"]
[Result "0-1"]
[TimeControl "4min+2sec"]
[WhiteElo "2265"]
[BlackElo "2448"]

1. e4 c5 2. Nf3 d6 3.
d4 cxd4 4. Qxd4 Nf6 5. Bg5 h6 6.
Bxf6 gxf6 7. Bc4 h5 8. Nc3 Nc6 9. Qd3 a6 10. O-O e6 11. Bb3 Qb6 12. Rad1 Bd7 13.
Nd4 Ne5 14. Qe2 h4 15. h3 Bh6 16. Kh1 Ng6 17. Qe1 Kf8 18. Nde2 Qc5 19. f4 Kg7 20. Qd2 Bc6 21. Qxd6
Qxd6 22. Rxd6 Rhd8 23. Rd3 b5 24. f5 exf5 25. Rxf5 Ne5 26. Rxd8 Rxd8 27. Nd5 Bg5 28. Nd4 Bd7 29. Rf1 a5 30.
a3 a4 31. Ba2 Rb8 32. c3 Nc4 33. Bxc4 bxc4 34. Nb4 Re8 35. Nf5+ Kf8 36. Nd6 Re6 37. Nxc4 Rxe4 38.
Nb6 Bb5 39. c4 Bxc4 40. Nxc4 Rxc4 41. Rd1 Bf4 42. Kg1 Be5 43. Rd2 Bg3 44. Kf1 f5 45. Ke2 Bf4 46. Rd8+ Kg7 47. Kd3 Rc1 48. Ra8 Rg1 49. Rxa4 Rxg2
50. Ra5 Kg6 51. Nd5 Bg5 52. b4 Rg3+ 53. Ke2 Rxh3 54. b5 Rb3 55. b6 h3 56. Kf2 Bh4+ 57. Kg1 Bg3 58. Kf1 Rb1+ 59. Ke2 h2 60. Ne7+ Kf6 0-1

[ePGN "0.1;DGT LiveChess/2.2.3"]

[Event "new tournament description"]
[Site ""]
[Date "2018.12.27"]
[Round "10.1"]
[White "POUCHON"]
[Black "GOZZOLI"]
[Result "0-1"]
[TimeControl "4min+2sec"]
[WhiteElo "2047"]
[BlackElo "2565"]

1. d4 d5 2. Nf3 Bf5 3. Bf4 e6 4. e3 Nf6 5. c4 Bb4+ 6. Nbd2 O-O 7. a3 Bd6 8. Bg3 a5 9. Be2 a4 10.
O-O Bxg3 11. hxg3 c6 12. c5 Nbd7 13. b3 h6 14. b4 Qc7 15. Re1 Rfe8 16. Nh4 Be4 17. Nhf3 Bh7 18. Rc1 e5 19.
dxe5 Nxe5 20. Nxe5 Qxe5 21. Nf3 Qb2 22. Ra1 Ne4 23. Qc1 Qf6 24. Bd3 h5 25. Qc2 Re7 26. Rad1 g5 27. Nd4 Bg6 28.
Bxe4 Rxe4 29. Qd2 h4 30. f3 Re7 31. g4 Rae8 32. Qf2 Kg7 33. Qd2 Bh7 34. Qf2 Qe5 35. Rd2 Kg8 36. Rdd1 f6 37.
Rd2 f5 38. gxf5 Bxf5 39. Rde2 Bd3 40. f4 Qf6 41. Rd2 Be4 42.
fxg5 Qxg5 43. Qf4 Rg7 44. Qxg5 Rxg5 45. Rf2 Re7 46. Kh2 Reg7 47. Rg1 Rg3 48. Nf5 Bxf5 49. Rxf5 h3 50. Rf2 Rxe3 51.
gxh3 Rxg1 52. Kxg1 Rxa3 53. Kg2 Rb3 54. Rf4 a3 0-1

[Event "new tournament description"]
[Site ""]
[Date "2018.12.27"]
[Round "11.1"]
[White "GOZZOLI"]
[Black "DAESCHLER"]
[Result "1-0"]
[TimeControl "4min+2sec"]
[WhiteElo "2565"]
[BlackElo "2122"]

1. d4 d5 2. Nf3 Nf6 3.
Bg5 Nbd7 4. e3 e6 5. Bd3 Be7 6. Nbd2 c5 7. c3 O-O 8. O-O b6 9. Qa4 Bb7 10. Ne5 h6 11. Bxf6 Bxf6 12. Nxd7 1-0

[Event "new tournament description"]
[Site ""]
[Date "2018.12.27"]
[Round "11.2"]
[White "BELLAHCENE"]
[Black "GROEHN"]
[Result "1-0"]
[TimeControl "4min+2sec"]
[WhiteElo "2448"]
[BlackElo "2113"]

1. e4 e6 2. d4 d5 3. Nc3 Bb4 4. e5 c5 5. a3 Bxc3+ 6. bxc3 Qc7 7. Nf3 b6 8. a4 Ba6 9. Bb5+ Bxb5 10. axb5 a5 11. c4 Ne7 12. cxd5 Nxd5 13. c4 Nb4 14. dxc5 Qxc5 15.
Qe2 Nd7 16. Be3 Qc7 17. Bd4 Rc8 18.
Rc1 Nc5 19. O-O O-O 20. Rc3 h6 21. g4 Qe7 22. h4 Rfd8 23. g5 h5 24. Rb1 g6 25. Qe3 Rd7 26. Nd2 Rdc7 27. Rd1 Kg7 28.
Qf3 Kg8 29. Bxc5 Rxc5 30. Ne4 Rxe5 31. Nf6+ Kg7 32. Rd7 Qf8 33. Nxh5+ Kh7 34. Rxf7+ 1-0

[ePGN "0.1;DGT LiveChess/2.2.3"]

[Event "new tournament description"]
[Site ""]
[Date "2018.12.27"]
[Round "12.1"]
[White "SCHULZ"]
[Black "GOZZOLI"]
[Result "0-1"]
[TimeControl "4min+2sec"]
[WhiteElo "2128"]
[BlackElo "2565"]

1. e4 Nf6 2. e5 Nd5 3.
d4 d6 4. c4 Nb6 5. Nf3 g6 6. Nc3 Bg7 7. exd6 cxd6 8. d5 O-O 9. Be3 e6 10. Qd2 exd5 11. cxd5 Re8 12.
Be2 Bg4 13. O-O Bxf3 14. gxf3 N8d7 15. Ne4 Nf6 16. Bg5 Re5 17. Bd1 Nxe4 18. Bxd8 Nxd2 19. Bh4 Nxf1 20. Kxf1 Rxd5 21. Bb3 Rd2 22. Re1 d5 23. Re7 Nc4 24. Rxb7 Rxb2 25. Rd7 Nd2+ 26. Kg2 Nxb3 27.
axb3 Rxb3 0-1